General information
			
			
        
        - name: BNet
 
        - type: Ladder team game (AT/RT)
 
        - host: Battle.net
 
        - saver: PizzaFan1739
 
        
map: SilverpineForest 
        - players: 6
 
        - length: 59:06
 
        - speed: Fast
 - version: 1.22 W3XP
 - replay type:  

 
» download(420 KB)
Players
        team 1 (winner) 
              
              
EataMyMeatballs (
green | 96 APM | 5668 actions | 59:05)
              
 7 Mountain King 
 3 Storm Bolt
 3 Bash
 1 Avatar
 6 Paladin 
 3 Holy Light
 2 Divine Shield
 1 Devotion Aura
 
                » actions 
                
                | Assign group hotkey | 91 |  | 
| Basic commands | 9 |  | 
| Build / train | 219 |  | 
| ESC pressed | 10 |  | 
| Enter build submenu | 170 |  | 
| Enter hero's abilities submenu | 14 |  | 
| Give item / drop item | 29 |  | 
| Remove unit from queue | 5 |  | 
| Right click | 3112 |  | 
| Select / deselect | 1187 |  | 
| Select group hotkey | 349 |  | 
| Use ability | 472 |  | 
                5668 total
 » units 
                » upgrades
                
                | Masonry | 3 |  | 
| Lumber Harvesting | 2 |  | 
| Magic Sentry | 1 |  | 
| Sorceress Training | -1 |  | 
| Priest Training | 2 |  | 
                7 total
 » buildings
                
                | Altar of Kings | 4 |  | 
| Farm | 10 |  | 
| Lumber Mill | 2 |  | 
| Scout Tower | 244 |  | 
| Arcane Tower | 10 |  | 
| Guard Tower | 115 |  | 
| Keep | 4 |  | 
| Arcane Vault | 3 |  | 
| Castle | 1 |  | 
| Arcane Sanctum | 1 |  | 
| Town Hall | 4 |  | 
                398 total
 » build order
                00:02 Altar of Kings
00:04 Farm
00:07 Lumber Mill
01:17 Scout Tower
01:32 Scout Tower
01:41 Scout Tower
01:43 Scout Tower
01:46 Scout Tower
01:47 Scout Tower
01:49 Scout Tower
01:50 Scout Tower
01:52 Arcane Tower
01:52 Arcane Tower
01:52 Arcane Tower
01:53 Arcane Tower
01:57 Scout Tower
02:00 Scout Tower
02:11 Farm
02:19 Guard Tower
02:19 Guard Tower
02:33 Arcane Tower
02:33 Arcane Tower
02:33 Arcane Tower
02:33 Arcane Tower
02:38 Scout Tower
02:39 Scout Tower
02:42 Scout Tower
02:54 Scout Tower
02:55 Scout Tower
02:56 Guard Tower
02:56 Guard Tower
03:07 Guard Tower
03:26 Guard Tower
03:34 Scout Tower
03:34 Scout Tower
03:38 Guard Tower
03:41 Scout Tower
03:43 Scout Tower
03:45 Guard Tower
03:47 Scout Tower
03:48 Scout Tower
03:53 Keep
03:53 Keep
03:54 Keep
04:06 Arcane Vault
04:17 Guard Tower
04:20 Guard Tower
04:20 Guard Tower
04:22 Scout Tower
04:23 Scout Tower
04:35 Guard Tower
04:38 Scout Tower
04:39 Scout Tower
04:45 Scout Tower
04:46 Scout Tower
04:48 Guard Tower
04:48 Guard Tower
04:58 Guard Tower
04:58 Guard Tower
04:58 Guard Tower
05:08 Scout Tower
05:09 Scout Tower
05:14 Scout Tower
05:15 Scout Tower
05:18 Guard Tower
05:18 Guard Tower
05:38 Guard Tower
05:39 Guard Tower
05:46 Guard Tower
06:00 Guard Tower
06:03 Scout Tower
06:04 Scout Tower
06:18 Guard Tower
06:20 Scout Tower
06:22 Scout Tower
06:23 Scout Tower
06:42 Guard Tower
06:42 Guard Tower
07:18 Guard Tower
07:35 Scout Tower
07:36 Scout Tower
07:37 Guard Tower
07:37 Guard Tower
07:41 Scout Tower
07:42 Scout Tower
07:44 Scout Tower
07:45 Scout Tower
07:48 Guard Tower
07:54 Scout Tower
07:55 Scout Tower
08:02 Castle
08:12 Guard Tower
08:12 Guard Tower
08:16 Scout Tower
08:17 Scout Tower
08:24 Arcane Sanctum
08:28 Farm
08:54 Town Hall
08:59 Scout Tower
09:00 Scout Tower
09:12 Guard Tower
09:12 Guard Tower
09:29 Guard Tower
09:29 Guard Tower
09:39 Guard Tower
09:39 Guard Tower
09:44 Guard Tower
09:58 Guard Tower
09:58 Guard Tower
10:15 Scout Tower
10:16 Scout Tower
10:17 Scout Tower
10:20 Guard Tower
10:24 Scout Tower
10:25 Scout Tower
10:27 Scout Tower
10:28 Scout Tower
10:29 Scout Tower
10:29 Scout Tower
11:09 Guard Tower
11:09 Guard Tower
11:11 Guard Tower
11:11 Guard Tower
11:46 Guard Tower
11:49 Guard Tower
11:50 Guard Tower
11:53 Scout Tower
11:55 Scout Tower
12:05 Scout Tower
12:07 Scout Tower
12:07 Scout Tower
12:15 Scout Tower
12:16 Scout Tower
12:17 Scout Tower
12:37 Guard Tower
12:38 Guard Tower
13:56 Scout Tower
13:57 Scout Tower
13:58 Scout Tower
13:58 Scout Tower
15:14 Guard Tower
15:16 Scout Tower
15:17 Scout Tower
15:18 Scout Tower
15:19 Scout Tower
15:19 Scout Tower
15:20 Scout Tower
15:21 Scout Tower
15:22 Scout Tower
15:45 Scout Tower
15:47 Scout Tower
15:49 Scout Tower
15:50 Scout Tower
15:51 Scout Tower
15:53 Scout Tower
15:54 Scout Tower
15:55 Scout Tower
15:56 Scout Tower
15:57 Scout Tower
15:58 Scout Tower
16:00 Scout Tower
16:01 Scout Tower
16:02 Scout Tower
16:03 Scout Tower
16:18 Arcane Vault
16:43 Scout Tower
17:03 Guard Tower
17:04 Guard Tower
17:21 Guard Tower
17:22 Guard Tower
17:22 Guard Tower
18:23 Scout Tower
18:24 Scout Tower
18:25 Scout Tower
18:25 Scout Tower
18:28 Scout Tower
18:28 Scout Tower
18:30 Scout Tower
18:31 Scout Tower
19:07 Town Hall
19:11 Scout Tower
19:12 Scout Tower
19:12 Scout Tower
19:13 Scout Tower
19:15 Scout Tower
19:15 Scout Tower
19:17 Scout Tower
19:17 Scout Tower
19:18 Scout Tower
19:19 Scout Tower
19:21 Scout Tower
19:22 Scout Tower
19:23 Scout Tower
19:24 Scout Tower
19:29 Scout Tower
19:30 Scout Tower
19:31 Scout Tower
19:31 Scout Tower
19:32 Scout Tower
19:33 Scout Tower
19:33 Scout Tower
19:34 Scout Tower
19:35 Scout Tower
19:40 Scout Tower
19:40 Scout Tower
19:41 Scout Tower
19:42 Scout Tower
19:43 Scout Tower
19:43 Scout Tower
19:44 Scout Tower
19:45 Scout Tower
19:49 Farm
19:50 Farm
19:53 Farm
19:56 Guard Tower
19:57 Guard Tower
20:03 Arcane Tower
20:03 Arcane Tower
20:14 Guard Tower
20:14 Guard Tower
20:14 Guard Tower
21:51 Guard Tower
21:51 Guard Tower
21:56 Scout Tower
21:58 Scout Tower
21:58 Scout Tower
22:00 Scout Tower
22:02 Scout Tower
22:03 Scout Tower
22:39 Scout Tower
22:41 Scout Tower
22:43 Scout Tower
22:44 Scout Tower
22:48 Scout Tower
22:49 Scout Tower
23:25 Guard Tower
26:44 Altar of Kings
26:48 Altar of Kings
26:49 Farm
26:50 Farm
26:52 Altar of Kings
26:57 Farm
27:23 Scout Tower
27:24 Scout Tower
27:25 Scout Tower
27:26 Scout Tower
27:27 Scout Tower
27:27 Scout Tower
27:28 Scout Tower
27:29 Scout Tower
27:51 Lumber Mill
28:18 Town Hall
29:35 Scout Tower
29:36 Scout Tower
29:37 Scout Tower
29:38 Scout Tower
29:39 Scout Tower
29:40 Scout Tower
29:40 Scout Tower
29:41 Scout Tower
29:44 Scout Tower
29:45 Scout Tower
29:45 Scout Tower
29:48 Scout Tower
29:49 Scout Tower
29:49 Scout Tower
29:50 Scout Tower
29:52 Scout Tower
29:53 Scout Tower
29:55 Scout Tower
29:56 Scout Tower
29:57 Scout Tower
30:06 Guard Tower
30:06 Guard Tower
30:54 Guard Tower
30:54 Guard Tower
30:57 Guard Tower
30:57 Guard Tower
31:16 Farm
31:45 Guard Tower
31:45 Guard Tower
31:46 Guard Tower
31:51 Guard Tower
31:52 Guard Tower
32:07 Scout Tower
32:09 Scout Tower
32:10 Scout Tower
32:11 Scout Tower
32:13 Scout Tower
32:16 Scout Tower
32:18 Scout Tower
33:06 Guard Tower
33:58 Scout Tower
33:59 Scout Tower
34:00 Scout Tower
34:02 Scout Tower
34:03 Scout Tower
34:04 Scout Tower
34:07 Scout Tower
34:09 Scout Tower
34:10 Scout Tower
34:10 Scout Tower
34:12 Scout Tower
34:13 Scout Tower
34:19 Scout Tower
34:20 Scout Tower
34:21 Scout Tower
34:22 Scout Tower
34:23 Scout Tower
35:11 Guard Tower
36:01 Guard Tower
36:01 Guard Tower
36:40 Guard Tower
36:40 Guard Tower
37:01 Scout Tower
37:02 Scout Tower
37:02 Scout Tower
37:03 Scout Tower
37:04 Scout Tower
37:05 Scout Tower
37:07 Scout Tower
37:07 Scout Tower
37:09 Scout Tower
37:13 Scout Tower
37:15 Scout Tower
37:16 Scout Tower
37:18 Scout Tower
37:19 Scout Tower
37:20 Scout Tower
37:21 Scout Tower
37:22 Scout Tower
37:23 Scout Tower
37:25 Scout Tower
37:26 Scout Tower
37:27 Scout Tower
37:27 Scout Tower
38:00 Guard Tower
38:00 Guard Tower
39:21 Guard Tower
39:22 Guard Tower
40:16 Scout Tower
40:18 Scout Tower
40:19 Scout Tower
40:19 Scout Tower
40:22 Scout Tower
40:22 Scout Tower
40:23 Scout Tower
40:25 Scout Tower
40:26 Scout Tower
40:27 Scout Tower
41:50 Guard Tower
41:50 Guard Tower
42:09 Scout Tower
42:10 Scout Tower
42:10 Scout Tower
42:11 Scout Tower
42:12 Scout Tower
42:13 Scout Tower
42:14 Scout Tower
42:15 Scout Tower
42:15 Scout Tower
42:16 Scout Tower
42:17 Scout Tower
42:18 Scout Tower
42:19 Scout Tower
42:20 Scout Tower
42:20 Scout Tower
42:21 Scout Tower
42:59 Guard Tower
42:59 Guard Tower
43:42 Guard Tower
43:43 Guard Tower
43:45 Guard Tower
43:45 Guard Tower
44:22 Guard Tower
44:22 Guard Tower
46:21 Guard Tower
46:25 Town Hall
46:57 Arcane Vault
53:13 Guard Tower
» items
                
                | Scroll of Regeneration | 1 |  | 
| Mechanical Critter | 1 |  | 
| Lesser Clarity Potion | 1 |  | 
| Potion of Healing | 1 |  | 
| Boots of Speed | 1 |  | 
| Staff of Teleportation | 1 |  | 
| Staff of Sanctuary | 2 |  | 
| Orb of Fire | 1 |  | 
| Orb of Lightning | 1 |  | 
| Pendant of Mana | 2 |  | 
| Ring of Protection +4 | 1 |  | 
| Ring of Regeneration | 1 |  | 
| Khadgar's Gem of Health | 1 |  | 
| Medallion of Courage | 1 |  | 
                16 total
  
               
              
              
PizzaFan1739 (
blue | 95 APM | 5624 actions | 59:06)
              
 9 Warden 
 3 Shadow Strike
 3 Blink
 3 Fan of Knives
 
                » actions 
                
                | Assign group hotkey | 7 |  | 
| Basic commands | 3 |  | 
| Build / train | 76 |  | 
| Enter build submenu | 27 |  | 
| Enter hero's abilities submenu | 9 |  | 
| Give item / drop item | 23 |  | 
| Right click | 3801 |  | 
| Select / deselect | 459 |  | 
| Select group hotkey | 963 |  | 
| Use ability | 255 |  | 
                5624 total
 » units 
                
                | Wisp | 36 |  | 
| Chimaera | 5 |  | 
| Goblin Zeppelin | 4 |  | 
                45 total
 » upgrades
                
                | Nature's Blessing | 1 |  | 
| Well Spring | 1 |  | 
| Ultravision | 1 |  | 
| Strength of the Wild | 3 |  | 
| Corrosive Breath | 1 |  | 
| Reinforced Hides | 2 |  | 
| Druid of the Talon Training | 1 |  | 
                10 total
 » buildings
                
                | Altar of Elders | 1 |  | 
| Moon Well | 10 |  | 
| Tree of Ages | 1 |  | 
| Tree of Life | 5 |  | 
| Tree of Eternity | 1 |  | 
| Hunter's Hall | 1 |  | 
| Ancient of Wonders | 1 |  | 
| Ancient of Wind | 2 |  | 
| Chimaera Roost | 1 |  | 
                23 total
 » build order
                00:22 Altar of Elders
00:26 Moon Well
01:41 Moon Well
04:06 Moon Well
06:51 Tree of Ages
07:33 Tree of Life
11:02 Moon Well
11:05 Moon Well
11:15 Moon Well
12:25 Tree of Eternity
17:05 Hunter's Hall
18:23 Ancient of Wonders
20:07 Ancient of Wind
21:46 Moon Well
21:47 Moon Well
22:16 Moon Well
22:17 Moon Well
26:17 Chimaera Roost
34:55 Tree of Life
41:53 Tree of Life
41:58 Tree of Life
45:15 Tree of Life
47:49 Ancient of Wind
» items
                
                | Boots of Speed | 1 |  | 
| Staff of Teleportation | 1 |  | 
| Orb of Venom | 1 |  | 
| Scroll of Town Portal | 1 |  | 
| Amulet of Spell Shield | 1 |  | 
| Mechanical Critter | 2 |  | 
                7 total
  
               
              
              
YouTellEmMa (
teal | 89 APM | 5245 actions | 59:05)
              
 8 Blademaster 
 3 Wind Walk
 3 Critical Strike
 1 Bladestorm
 1 Mirror Image
 7 Shadow Hunter 
 3 Hex
 3 Healing Wave
 1 Big Bad Voodoo
 
                » actions 
                
                | Assign group hotkey | 21 |  | 
| Basic commands | 109 |  | 
| Build / train | 115 |  | 
| ESC pressed | 1 |  | 
| Enter build submenu | 60 |  | 
| Enter hero's abilities submenu | 15 |  | 
| Give item / drop item | 34 |  | 
| Right click | 2576 |  | 
| Select / deselect | 498 |  | 
| Select group hotkey | 1555 |  | 
| Use ability | 254 |  | 
                5245 total
 » units 
                
                | Peon | 16 |  | 
| Troll Batrider | 15 |  | 
| Raider | 1 |  | 
| Shaman | 3 |  | 
| Troll Witch Doctor | 2 |  | 
| Spirit Walker | 2 |  | 
| Kodo Beast | 1 |  | 
| Wind Rider | 7 |  | 
                47 total
 » upgrades
                
                | Spiked Barricades | 1 |  | 
| Liquid Fire | 1 |  | 
| Ranged Weapons | 3 |  | 
| Reinforced Defenses | 1 |  | 
| Ensnare | 1 |  | 
| Envenomed Spears | 1 |  | 
| War Drums Damage Increase | 1 |  | 
| Shaman Training | 2 |  | 
| Witch Doctor Training | 2 |  | 
| Spirit Walker Training | 2 |  | 
| Armor | 3 |  | 
| Melee Weapons | 2 |  | 
| Pillage | 1 |  | 
                21 total
 » buildings
                
                | Altar of Storms | 1 |  | 
| Orc Burrow | 8 |  | 
| War Mill | 1 |  | 
| Watch Tower | 45 |  | 
| Voodoo Lounge | 2 |  | 
| Stronghold | 2 |  | 
| Great Hall | 1 |  | 
| Beastiary | 2 |  | 
| Fortress | 1 |  | 
| Spirit Lodge | 1 |  | 
                64 total
 » build order
                00:08 Altar of Storms
00:20 Orc Burrow
00:25 War Mill
01:37 Orc Burrow
01:49 Watch Tower
02:13 Watch Tower
02:58 Watch Tower
03:16 Watch Tower
03:46 Voodoo Lounge
04:07 Watch Tower
04:22 Watch Tower
04:51 Stronghold
04:51 Stronghold
05:29 Watch Tower
06:17 Great Hall
06:24 Watch Tower
06:25 Watch Tower
06:25 Watch Tower
06:26 Watch Tower
06:33 Watch Tower
07:32 Watch Tower
07:33 Watch Tower
07:33 Watch Tower
07:34 Watch Tower
08:00 Watch Tower
08:01 Watch Tower
08:07 Beastiary
08:12 Fortress
08:21 Voodoo Lounge
08:39 Watch Tower
09:04 Beastiary
09:09 Orc Burrow
09:51 Watch Tower
09:52 Watch Tower
09:58 Watch Tower
09:59 Watch Tower
10:33 Watch Tower
11:40 Watch Tower
11:41 Watch Tower
11:42 Watch Tower
12:23 Watch Tower
12:23 Watch Tower
14:27 Watch Tower
14:27 Watch Tower
14:30 Watch Tower
14:31 Watch Tower
14:48 Watch Tower
14:51 Watch Tower
14:52 Watch Tower
14:53 Watch Tower
14:53 Watch Tower
14:54 Watch Tower
15:39 Watch Tower
15:40 Watch Tower
16:40 Watch Tower
16:40 Watch Tower
16:41 Watch Tower
16:51 Watch Tower
16:59 Orc Burrow
16:59 Orc Burrow
16:59 Orc Burrow
17:00 Orc Burrow
20:04 Spirit Lodge
36:44 Orc Burrow
» items
                
                | Staff of Teleportation | 2 |  | 
| Boots of Speed | 2 |  | 
| Healing Salve | 2 |  | 
| Lesser Clarity Potion | 5 |  | 
| Orb of Lightning | 2 |  | 
| Hood of Cunning | 2 |  | 
| Medallion of Courage | 1 |  | 
| Warsong Battle Drums | 1 |  | 
| Pendant of Mana | 1 |  | 
| Amulet of Spell Shield | 1 |  | 
| Orb of Venom | 1 |  | 
| Claws of Attack +9 | 4 |  | 
| Gloves of Haste | 1 |  | 
| Claws of Attack +12 | 1 |  | 
| Legion Doom-Horn | 1 |  | 
                27 total
  
               team 2 (loser) 
              
              
efex (
purple | 53 APM | 3117 actions | 59:04)
              
 5 Death Knight 
 3 Unholy Aura
 2 Death Coil
 
                » actions 
                
                | Basic commands | 15 |  | 
| Build / train | 144 |  | 
| ESC pressed | 1 |  | 
| Enter build submenu | 26 |  | 
| Enter hero's abilities submenu | 5 |  | 
| Give item / drop item | 2 |  | 
| Remove unit from queue | 14 |  | 
| Right click | 2046 |  | 
| Select / deselect | 790 |  | 
| Use ability | 74 |  | 
                3117 total
 » units 
                
                | Acolyte | 32 |  | 
| Ghoul | 9 |  | 
| Crypt Fiend | 31 |  | 
| Abomination | 8 |  | 
| Gargoyle | 28 |  | 
                108 total
 » upgrades
                
                | Unholy Strength | 1 |  | 
| Creature Attack | 3 |  | 
| Web | 1 |  | 
| Creature Carapace | 3 |  | 
| Disease Cloud | 1 |  | 
| Unholy Armor | 1 |  | 
                10 total
 » buildings
                
                | Graveyard | 1 |  | 
| Crypt | 2 |  | 
| Altar of Darkness | 1 |  | 
| Ziggurat | 10 |  | 
| Nerubian Tower | 1 |  | 
| Halls of the Dead | 2 |  | 
| Black Citadel | 1 |  | 
| Slaughterhouse | 1 |  | 
| Spirit Tower | 1 |  | 
| Necropolis | 2 |  | 
                22 total
 » build order
                00:06 Graveyard
00:08 Crypt
00:42 Altar of Darkness
01:00 Ziggurat
01:37 Ziggurat
02:19 Nerubian Tower
03:28 Halls of the Dead
04:11 Ziggurat
06:25 Ziggurat
06:28 Black Citadel
09:55 Ziggurat
11:20 Slaughterhouse
15:19 Ziggurat
19:39 Ziggurat
20:07 Ziggurat
24:47 Ziggurat
27:00 Crypt
28:21 Spirit Tower
29:09 Necropolis
29:17 Necropolis
30:58 Halls of the Dead
34:01 Ziggurat
 
               
              
              
Jazz_568 (
pink | 59 APM | 3429 actions | 58:09)
              
 6 Paladin 
 1 Holy Light
 3 Devotion Aura
 2 Divine Shield
 5 Archmage 
 3 Summon Water Elemental
 2 Brilliance Aura
 
                » actions 
                
                | Assign group hotkey | 59 |  | 
| Basic commands | 1 |  | 
| Build / train | 147 |  | 
| Enter build submenu | 61 |  | 
| Enter hero's abilities submenu | 11 |  | 
| Remove unit from queue | 11 |  | 
| Right click | 1305 |  | 
| Select / deselect | 1153 |  | 
| Select group hotkey | 574 |  | 
| Use ability | 106 |  | 
                3429 total
 » units 
                
                | Peasant | 22 |  | 
| Footman | 7 |  | 
| Rifleman | 25 |  | 
| Priest | 8 |  | 
| Sorceress | 4 |  | 
| Siege Engine | 3 |  | 
| Spell Breaker | 1 |  | 
| Flying Machine | 2 |  | 
| Mortar Team | 4 |  | 
| Gryphon Rider | 9 |  | 
                85 total
 » upgrades
                
                | Armor | 3 |  | 
| Gunpowder | 3 |  | 
| Priest Training | 2 |  | 
| Long Rifles | 1 |  | 
| Sorceress Training | 2 |  | 
| Barrage | 1 |  | 
| Magic Sentry | 1 |  | 
| Plating | 1 |  | 
| Storm Hammers | 1 |  | 
                15 total
 » buildings
                
                | Altar of Kings | 1 |  | 
| Barracks | 2 |  | 
| Farm | 12 |  | 
| Scout Tower | 22 |  | 
| Arcane Tower | 2 |  | 
| Keep | 1 |  | 
| Lumber Mill | 1 |  | 
| Blacksmith | 1 |  | 
| Guard Tower | 16 |  | 
| Town Hall | 2 |  | 
| Arcane Sanctum | 2 |  | 
| Castle | 1 |  | 
| Workshop | 2 |  | 
| Arcane Vault | 2 |  | 
| Gryphon Aviary | 2 |  | 
                69 total
 » build order
                00:07 Altar of Kings
00:16 Barracks
00:37 Farm
01:20 Farm
01:49 Farm
02:49 Scout Tower
03:12 Scout Tower
03:30 Arcane Tower
03:47 Farm
04:26 Scout Tower
04:27 Keep
04:31 Lumber Mill
04:34 Blacksmith
04:37 Scout Tower
04:57 Arcane Tower
05:25 Guard Tower
06:25 Farm
07:07 Town Hall
08:21 Arcane Sanctum
08:28 Farm
08:52 Farm
09:31 Farm
10:53 Arcane Sanctum
12:26 Castle
12:52 Farm
14:05 Farm
14:27 Scout Tower
15:25 Guard Tower
16:30 Farm
18:48 Workshop
18:51 Workshop
18:56 Scout Tower
19:04 Arcane Vault
19:42 Scout Tower
19:43 Scout Tower
19:45 Scout Tower
19:47 Scout Tower
20:14 Guard Tower
20:15 Guard Tower
20:16 Guard Tower
20:23 Guard Tower
20:35 Town Hall
21:18 Scout Tower
21:19 Scout Tower
21:22 Scout Tower
21:50 Guard Tower
21:52 Guard Tower
21:52 Guard Tower
22:05 Farm
27:26 Barracks
27:53 Arcane Vault
32:26 Scout Tower
32:27 Scout Tower
32:28 Scout Tower
32:30 Scout Tower
32:50 Scout Tower
33:21 Guard Tower
33:22 Guard Tower
33:23 Guard Tower
33:29 Scout Tower
33:30 Scout Tower
33:31 Guard Tower
34:08 Guard Tower
34:57 Guard Tower
37:26 Scout Tower
38:18 Guard Tower
38:19 Scout Tower
42:00 Gryphon Aviary
42:02 Gryphon Aviary
» items
                
                | Scroll of Town Portal | 2 |  | 
| Scroll of Regeneration | 1 |  | 
                3 total
  
               
              
              
sheed (
red | 44 APM | 2558 actions | 58:45)
              
 4 Archmage 
 2 Blizzard
 2 Brilliance Aura
 4 Mountain King 
 2 Storm Bolt
 2 Bash
 1 Paladin 
 1 Holy Light
 
                » actions 
                
                | Assign group hotkey | 63 |  | 
| Basic commands | 106 |  | 
| Build / train | 145 |  | 
| Enter build submenu | 60 |  | 
| Enter hero's abilities submenu | 9 |  | 
| Remove unit from queue | 5 |  | 
| Right click | 916 |  | 
| Select / deselect | 1015 |  | 
| Select group hotkey | 100 |  | 
| Use ability | 136 |  | 
                2558 total
 » units 
                
                | Peasant | 12 |  | 
| Footman | 10 |  | 
| Knight | 4 |  | 
| Mortar Team | 9 |  | 
| Priest | 3 |  | 
| Siege Engine | 13 |  | 
| Rifleman | 2 |  | 
| Flying Machine | 5 |  | 
| Dragonhawk Rider | 10 |  | 
| Gryphon Rider | 9 |  | 
                77 total
 » upgrades
                
                | Lumber Harvesting | 2 |  | 
| Priest Training | 2 |  | 
| Swords | 3 |  | 
| Plating | 3 |  | 
| Animal War Training | 1 |  | 
| Flare | 1 |  | 
| Fragmentation Shards | 1 |  | 
| Barrage | 1 |  | 
| Gunpowder | 3 |  | 
| Armor | 4 |  | 
| Flak Cannons | 1 |  | 
| Flying Machine Bombs | 1 |  | 
| Magic Sentry | 1 |  | 
| Cloud | 1 |  | 
| Storm Hammers | 1 |  | 
                26 total
 » buildings
                
                | Altar of Kings | 1 |  | 
| Farm | 12 |  | 
| Barracks | 1 |  | 
| Lumber Mill | 1 |  | 
| Keep | 1 |  | 
| Arcane Vault | 1 |  | 
| Scout Tower | 44 |  | 
| Arcane Tower | 1 |  | 
| Castle | 1 |  | 
| Guard Tower | 13 |  | 
| Arcane Sanctum | 1 |  | 
| Blacksmith | 1 |  | 
| Workshop | 2 |  | 
| Town Hall | 3 |  | 
| Cannon Tower | 3 |  | 
| Gryphon Aviary | 2 |  | 
                88 total
 » build order
                00:05 Altar of Kings
00:33 Farm
00:33 Farm
01:45 Barracks
02:56 Farm
02:57 Farm
04:28 Farm
04:54 Lumber Mill
05:12 Keep
05:32 Arcane Vault
05:37 Scout Tower
05:44 Scout Tower
06:11 Arcane Tower
06:19 Scout Tower
06:20 Scout Tower
06:21 Scout Tower
07:13 Scout Tower
07:14 Scout Tower
07:19 Scout Tower
07:35 Farm
07:36 Farm
07:40 Castle
08:32 Guard Tower
08:51 Arcane Sanctum
09:14 Blacksmith
10:45 Workshop
15:25 Farm
15:31 Farm
15:32 Farm
16:58 Workshop
17:20 Town Hall
18:07 Farm
18:08 Farm
21:22 Scout Tower
21:23 Scout Tower
21:24 Scout Tower
21:51 Cannon Tower
22:25 Cannon Tower
22:43 Guard Tower
23:31 Scout Tower
23:32 Scout Tower
24:15 Guard Tower
24:53 Cannon Tower
29:50 Scout Tower
29:51 Scout Tower
29:53 Scout Tower
29:56 Scout Tower
29:57 Scout Tower
29:58 Scout Tower
30:00 Scout Tower
30:01 Scout Tower
30:03 Scout Tower
30:04 Scout Tower
30:04 Scout Tower
30:31 Guard Tower
31:40 Town Hall
33:56 Scout Tower
34:00 Town Hall
34:03 Scout Tower
34:04 Scout Tower
34:04 Scout Tower
34:05 Scout Tower
34:09 Scout Tower
34:09 Scout Tower
35:01 Guard Tower
36:22 Guard Tower
36:37 Scout Tower
36:38 Scout Tower
36:41 Scout Tower
36:52 Guard Tower
37:16 Scout Tower
37:17 Scout Tower
37:19 Guard Tower
38:50 Guard Tower
38:53 Scout Tower
38:55 Scout Tower
39:22 Guard Tower
39:26 Scout Tower
39:28 Scout Tower
40:09 Guard Tower
41:22 Scout Tower
41:26 Scout Tower
41:28 Scout Tower
41:28 Scout Tower
41:53 Guard Tower
43:13 Guard Tower
49:21 Gryphon Aviary
50:02 Gryphon Aviary
» items
                
                | Scroll of Healing | 1 |  | 
| Scroll of Protection | 1 |  | 
| Ring of Protection +4 | 1 |  | 
| Staff of Silence | 1 |  | 
| Replenishment Potion | 1 |  | 
| Cloak of Flames | 1 |  | 
                6 total
  
                Chat log
          
(02:42 / All) PizzaFan1739: ty for 350g
(03:01 / All) sheed: lol ?
(03:16 / All) PizzaFan1739: ty for hero
(03:26 / All) PizzaFan1739: lol.
(06:14 / All) PizzaFan1739: gotta have tier2 for magic sentry sorry :)
(06:28 / All) sheed: really ?
(06:38 / All) PizzaFan1739: i'll be leaving now.  thank's
(12:53 / All) PizzaFan1739: Thank u for the item.
(16:08 / All) sheed: "thank you for the hero"
(16:17 / All) PizzaFan1739: idk boy 3red items and 1 lvl1?
(16:18 / All) YouTellEmMa: u goeng donw
(19:54 / All) sheed: lawl
(20:55 / All) PizzaFan1739: That Nabom Is Dead
(21:05 / All) sheed: lol i got more
(21:09 / All) PizzaFan1739: Send
(28:13 / All) efex: LOL...
(28:15 / All) efex: COMON
(28:50 / All) PizzaFan1739: COMON
(36:15 / All) PizzaFan1739: a rofl
(36:17 / All) PizzaFan1739: a toeffel.
(38:09 / All) PizzaFan1739: jazz 568 that like a Radeo Station?
(41:28 / All) PizzaFan1739: i would leave
(41:31 / All) PizzaFan1739: if i were Yoop
(41:47 / All) PizzaFan1739: smells like own speirit
(43:22 / All) PizzaFan1739: god y'all bad
(44:30 / All) PizzaFan1739: Y'all Awful!  Thank's
(45:59 / All) PizzaFan1739: a noob.
(51:26 / All) PizzaFan1739: Damn how did you lose a level 6 paladin.
(53:09 / All) PizzaFan1739: l'il pala
(55:41 / All) PizzaFan1739: Who you trine to kill>?
(56:41 / All) PizzaFan1739: poor micro, poor micro
(58:02 / All) PizzaFan1739: cant kill a couple hero?
(58:12 / All) PizzaFan1739: shit noob, bitnoob.  maybe you should quitnoob?
(58:27 / All) PizzaFan1739: This.  
(58:36 / All) PizzaFan1739: This.  is your hail mary????!
(58:49 / All) YouTellEmMa: hail mary........full of grace.......the lord is with U